 Dungeon Crawl Stone Soup version 0.20-a0-59-g66a9409 (console) character file.

58366 Blackmore the Eclecticist (level 14, 0/68 HPs)
             Began as a Deep Elf Ice Elementalist on Nov 17, 2016.
             Was a High Priest of Sif Muna.
             Killed by divine providence
             ... invoked by a meliai
              (15 damage)
             ... on level 13 of the Dungeon on Nov 18, 2016.
             The game lasted 03:10:27 (30983 turns).

Blackmore the Eclecticist (DEIE)                   Turns: 30983, Time: 03:10:30

Health: 0/68       AC:  5    Str:  5    XL:     14   Next: 49%
Magic:  2/40       EV: 14    Int: 26    God:    Sif Muna [*****.]
Gold:   725        SH:  0    Dex: 15    Spells: 13 memorised, 4 levels left

rFire  . . .     SeeInvis .     X - staff of earth
rCold  + . .     Gourm    .     a - +0 robe {Archmagi}
rNeg   + . .     Faith    +     (no shield)
rPois  .         Spirit   .     f - +1 hat {MR+}
rElec  .         Reflect  .     (no cloak)
rCorr  .         Harm     .     (no gloves)
MR     ++...                    E - +1 pair of boots {Fly}
Stlth  +++.......               p - amulet of faith
                                V - ring of protection from cold
                                O - ring of positive energy

@: flying, divine energy
A: no striking features
a: Stop Divine Energy, Channel Magic, Forget Spell, Renounce Religion, Stop
Flying


You were on level 13 of the Dungeon.
You worshipped Sif Muna.
Sif Muna was extremely pleased with you.
You were not hungry.

You visited 4 branches of the dungeon, and saw 22 of its levels.
You visited 1 bazaar.
You also visited: Labyrinth.

You collected 1695 gold pieces.
You spent 970 gold pieces at shops.

Inventory:

Hand Weapons
 d - a +1 dagger of venom
 g - a +1 dagger
 m - the +12 hand axe "Cytacuf" {flame, Dex+2}
   (You found it on level 4 of the Dungeon)

   It has been specially enchanted to burn those struck by it, causing extra
   injury to most foes and up to half again as much damage against particularly
   susceptible opponents.
   Big, fiery blades are also staple armaments of hydra-hunters.
   It affects your dexterity (+2).
 v - the +6 spear of Hionle Nehun {flame, rElec MR+ Str-3 Dex+2}
   (You found it on level 5 of the Dungeon)

   It has been specially enchanted to burn those struck by it, causing extra
   injury to most foes and up to half again as much damage against particularly
   susceptible opponents.
   It affects your strength (-3).
   It affects your dexterity (+2).
   It insulates you from electricity.
   It affects your resistance to hostile enchantments.
Armour
 a - a +0 robe of the Archmagi (worn)
 f - a +1 hat of magic resistance (worn)
 E - a +1 pair of boots of flying (worn)
 G - the +0 robe of Isivudgh {rElec Dex+3 SInv}
   (You found it on level 7 of the Dungeon)

   It affects your dexterity (+3).
   It insulates you from electricity.
   It lets you see invisible.
 W - a +1 buckler of poison resistance
Magical Staves
 X - an uncursed staff of earth (weapon)
Rods
 U - a -1 lightning rod (14/14)
   (You took it off a minotaur in a labyrinth)
Jewellery
 p - an amulet of faith (around neck)
 F - an uncursed amulet of magic regeneration
 O - a ring of positive energy (left hand)
 Q - an uncursed ring of fire
 V - a ring of protection from cold (right hand)
 Z - an uncursed ring of ice
Wands
 j - a wand of heal wounds (9/9)
 y - a wand of lightning (5/15)
 A - a wand of iceblast (0/15)
 M - a wand of lightning (2/15)
 N - a wand of iceblast (0/15)
 P - a wand of hasting (1/9)
Scrolls
 e - 5 scrolls of remove curse
 i - a scroll of fear
 s - a scroll of recharging
 t - 3 scrolls of amnesia
 z - 3 scrolls of enchant armour
 B - a scroll of identify
 Y - a scroll of magic mapping
Potions
 b - a potion of cancellation
 k - 8 potions of curing
 l - 3 potions of magic
 o - 2 potions of haste
 q - 8 potions of heal wounds
 u - 3 potions of lignification
 w - a potion of invisibility
 x - a potion of agility
 H - 3 potions of brilliance
 J - 2 potions of might
Books
 r - Sif Muna's Compendium of the Snowflakes and the Escort
   (Sif Muna gifted it to you on level 13 of the Dungeon)

   Spells                             Type                      Level
   a - Summon Forest                  Summoning/Translocation      5
   b - Bolt of Cold                   Conjuration/Ice              6
   c - Monstrous Menagerie            Summoning                    7
   d - Summon Greater Demon           Summoning                    7
   e - Dragon's Call                  Summoning                    9
Comestibles
 c - 11 bread rations
 h - 12 meat rations
 n - 6 fruits
 I - 10 slices of pizza


   Skills:
 - Level 0.2 Short Blades
 + Level 4.4 Dodging
 + Level 5.2 Stealth
 * Level 20.0 Spellcasting
 + Level 9.6 Conjurations
 + Level 1.5 Charms
 - Level 6.0 Summonings
 + Level 0.5 Necromancy
 - Level 2.3 Fire Magic
 * Level 16.1 Ice Magic
 + Level 0.6 Air Magic
 - Level 2.1 Earth Magic
 + Level 1.4 Invocations
 + Level 2.9 Evocations


You had 4 spell levels left.
You knew the following spells:

 Your Spells              Type           Power        Failure   Level  Hunger
a - Freeze                Ice            ####         0%          1    None
b - Throw Frost           Conj/Ice       ######       0%          2    None
c - Ozocubu's Armour      Chrm/Ice       #######.     1%          3    None
d - Throw Icicle          Conj/Ice       #######.     1%          4    None
e - Summon Ice Beast      Ice/Summ       #######.     1%          4    None
f - Ice Form              Ice/Tmut       #######.     1%          4    None
g - Regeneration          Chrm/Necr      #####.....   3%          3    None
h - Bolt of Magma         Conj/Fire/Erth #######...   10%         5    None
i - Freezing Cloud        Conj/Ice/Air   #######...   10%         6    ##.....
j - Fireball              Conj/Fire      ######....   4%          5    None
k - Summon Butterflies    Summ           ######..     1%          1    None
l - Irradiate             Conj/Tmut      ######....   10%         5    None
m - Bolt of Cold          Conj/Ice       #######...   1%          6    ##.....


Dungeon Overview and Level Annotations

Branches:
Dungeon (13/15)            Temple (1/1) D:5            Lair (6/6) D:8
 Shoals (0/4) Lair:4       Spider (0/4) Lair:3        Slime (0/5) Lair:6
    Orc (2/2) D:12
    Elf: Orc:2       Vaults: D:13-14

Altars:
Ashenzari
Cheibriados
Dithmenos
Elyvilon
Fedhas
Gozag
Hepliaklqana
Kikubaaqudgha
Makhleb
Nemelex Xobeh
Okawaru
Qazlal
Ru
Sif Muna
Trog
Uskayaw
Vehumet
Xom
Yredelemnul
Zin
The Shining One
Beogh
Jiyva

Shops:
D:11 (!*}[   D:12 !

Annotations:
D:7 Joseph
Lair:6 yrara's ghost, journeyman GrFi


Message History

Your ice beast looks as sick as possible!
The meliai poisons your ice beast!
Your ice beast hits the meliai.
Your ice beast freezes the meliai!!
The meliai dies!
Sif Muna accepts your kill.
You feel better.
The meliai mumbles some strange prayers to its god against you.
Something smites you!
* * * LOW HITPOINT WARNING * * *
The meliai hits your ice beast but does no damage.
The meliai stings your ice beast.
Your ice beast closely misses the meliai.
You regain access to your magic.
The meliai hits your ice beast but does no damage.
The meliai stings your ice beast.
Your ice beast looks as sick as possible!
The meliai poisons your ice beast!
The meliai mumbles some strange prayers to its god against you.
Something smites you!
You die...

,,*,**,**#.***** *,*
*,,*,*,* #.#######*,*
*,***,,* #.......#*,*
,,,***,* #######)#*,*
*,***,** #y#*,*
*,,*,** #Y#*,* *,*,**
#.#*,* *,*,* #.#*,*
*,*,* ###@#*,# *,*,*
##.#.##.# *,*,*
#.......#
*,*,##########.#.####
,,*,.............#
,,***######.######
,,,** #.### ,,,,*
#...# ,,,** ###.#


You could see a meliai and a friendly ice beast.

Vanquished Creatures
  The ghost of TZer0 the Severer, a journeyman DrBe of Trog (D:13)
  Snorg (Lair:6)
  Josephine (Lair:5)
  Fannar (D:11)
  5 hydras
  3 death yaks (Lair:5)
  2 tengu warriors (D:13)
  Urug (D:11)
  A fire crab (Lair:6)
  A skeletal warrior (D:10)
  An unseen horror (D:12)
  An orb spider (Lair:3)
  A lindwurm (Lair:4)
  2 deep elf magi (D:12)
  A manticore (D:11)
  3 ugly things (D:12)
  A shining eye (Lair:6)
  A cyclops (D:12)
  4 slime creatures (D:12)
  A centaur zombie (D:13)
  5 black mambas
  A molten gargoyle (Lair:6)
  A gargoyle (D:13)
  4 spiny frogs
  A centaur skeleton (D:12)
  2 rime drakes
  11 komodo dragons
  4 trolls
  A meliai (D:13)
  4 dream sheep
  11 hippogriffs
  16 blink frogs
  2 redbacks (Lab)
  Sigmund (D:6)
  4 wraiths
  3 shadows
  A vampire (D:9)
  5 wyverns
  28 yaks
  3 basilisks
  A hungry ghost (D:12)
  5 vampire mosquitoes
  2 steam dragons (Lair:6)
  2 mottled dragons
  2 wargs
  4 hell hounds (Lair:6)
  12 water moccasins
  7 porcupines
  18 orc warriors
  A hornet zombie (D:11)
  2 ice beasts
  4 sky beasts
  5 wolves
  8 ogres
  4 phantoms
  A centaur (D:8)
  2 necrophages
  15 crocodiles
  A big kobold (D:7)
  9 bullfrogs
  A wyvern zombie (D:10)
  24 killer bees
  4 wights (D:11)
  4 howler monkeys (D:10)
  A lava snake (Lair:3)
  3 crimson imps
  A quasit (D:9)
  5 jellies
  3 bullfrog zombies
  10 orc priests
  7 hounds
  16 orc wizards
  2 bullfrog skeletons
  Ijyb (D:3)
  2 iguanas
  8 worker ants
  A killer bee zombie (D:5)
  A hound zombie (D:11)
  A hound skeleton (D:8)
  2 worker ant zombies
  A gnoll (D:5)
  A howler monkey skeleton (D:9)
  6 adders
  5 shadow imps
  An ooze (D:4)
  A worm (D:2)
  A dart slug (D:1)
  5 leopard geckos
  69 orcs
  A ball python (D:2)
  5 giant cockroaches
  4 goblins
  5 hobgoblins
  9 jackals
  8 kobolds
  4 quokkas
  5 bats
  3 frilled lizards
  2 jackal skeletons
  A leopard gecko skeleton (D:9)
  A quokka zombie (D:5)
  13 rats
  A butterfly (Lair:6)
  A plant (D:12)
496 creatures vanquished.

Vanquished Creatures (collateral kills)
  Rupert (Lair:5)
  A minotaur (Lab)
  4 hydras
  A death yak (Lair:5)
  Pikel (D:6)
  An orc knight (Orc:1)
  A manticore (Lair:4)
  An elephant (D:8)
  Maurice (D:11)
  A torpor snail (Lair:3)
  A black mamba (Lair:1)
  Psyche (D:8)
  A spiny frog (Lair:6)
  A komodo dragon (Lair:1)
  A queen bee (D:12)
  A meliai (D:13)
  A troll (D:9)
  2 hippogriffs
  A slime creature (D:12)
  2 dream sheep (Lair:5)
  2 blink frogs (Lair:6)
  A wraith (Lair:5)
  A spriggan (D:8)
  A basilisk (Lair:3)
  6 yaks
  Grum (D:9)
  2 vampire mosquitoes (Lair:1)
  Edmund (D:5)
  A swamp drake (Lair:1)
  3 orc warriors
  2 ice beasts
  A slave (D:6)
  4 centaurs
  4 crocodiles
  6 killer bees
  A hound (D:10)
  An orc priest (Orc:2)
  An iguana (D:6)
  An adder (D:10)
  6 gnolls
  7 orcs
78 creatures vanquished.

Vanquished Creatures (others)
  A yak (Lair:5)
  An orc wizard (D:12)
  A shadow imp (D:6)
  10 fungi
  22 plants
35 creatures vanquished.

Grand Total: 609 creatures vanquished

Notes
Turn   | Place    | Note
-------+----------+-------------------------------------------
     0 | D:1      | Blackmore the Deep Elf Ice Elementalist began the quest for the Orb.
     0 | D:1      | Reached XP level 1. HP: 10/10 MP: 6/6
   127 | D:1      | Reached XP level 2. HP: 15/15 MP: 5/8
   355 | D:1      | Learned a level 2 spell: Throw Frost
   743 | D:2      | Reached XP level 3. HP: 19/19 MP: 5/10
   881 | D:2      | Reached skill level 4 in Spellcasting
   951 | D:2      | You fall through a shaft for 2 floors!
   970 | D:4      | Learned a level 3 spell: Ozocubu's Armour
  1294 | D:4      | Reached XP level 4. HP: 18/24 MP: 2/12
  1510 | D:4      | Learned a level 4 spell: Throw Icicle
  1736 | D:4      | Got an ancient hand axe
  1737 | D:4      | Identified the +12 hand axe "Cytacuf" {flame, Dex+2} (You found it on level 4 of the Dungeon)
  1741 | D:4      | Reached skill level 5 in Spellcasting
  1774 | D:4      | Reached XP level 5. HP: 21/28 MP: 5/14
  1784 | D:4      | Learned a level 4 spell: Summon Ice Beast
  2100 | D:4      | Reached skill level 5 in Ice Magic
  2776 | D:3      | Found a shimmering altar of Xom.
  2785 | D:3      | Found a shimmering altar of Xom.
  2786 | D:3      | Found a shimmering altar of Xom.
  2786 | D:3      | Found a shimmering altar of Xom.
  2808 | D:3      | Reached skill level 6 in Spellcasting
  2987 | D:3      | Noticed Ijyb
  2991 | D:3      | Killed Ijyb
  2991 | D:3      | Reached XP level 6. HP: 30/32 MP: 15/17
  3926 | D:2      | Found an ancient bone altar of Kikubaaqudgha.
  4335 | D:5      | Entered Level 5 of the Dungeon
  4393 | D:5      | Found a staircase to the Ecumenical Temple.
  4510 | Temple   | Entered the Ecumenical Temple
  4598 | Temple   | Became a worshipper of Sif Muna the Loreminder
  4901 | D:5      | Noticed an ice beast
  4930 | D:5      | Killed an ice beast
  5031 | D:5      | Got a translucent spear
  5032 | D:5      | Identified the +6 spear of Hionle Nehun {flame, rElec MR+ Str-3 Dex+2} (You found it on level 5 of the Dungeon)
  5141 | D:5      | Reached skill level 7 in Spellcasting
  5191 | D:5      | Reached XP level 7. HP: 18/36 MP: 7/19
  5288 | D:5      | Reached * piety under Sif Muna
  5671 | D:5      | Noticed Edmund
  5695 | D:5      | Killed Edmund
  6083 | D:6      | Reached skill level 8 in Spellcasting
  6105 | D:6      | Reached skill level 1 in Summonings
  6467 | D:6      | Reached XP level 8. HP: 41/41 MP: 5/22
  6625 | D:6      | Noticed Sigmund
  6631 | D:6      | Killed Sigmund
  6631 | D:6      | Reached ** piety under Sif Muna
  6631 | D:6      | Reached skill level 9 in Spellcasting
  6745 | D:6      | Noticed Pikel
  6760 | D:6      | Killed Pikel
  7000 | D:7      | Noticed Joseph
  7411 | D:7      | Reached skill level 10 in Spellcasting
  7743 | D:7      | Reached *** piety under Sif Muna
  7767 | D:7      | Found a glowing silver altar of Zin.
  7779 | D:7      | Noticed a hippogriff
  7792 | D:7      | Killed a hippogriff
  7814 | D:7      | Reached XP level 9. HP: 24/45 MP: 4/25
  8302 | D:7      | Learned a level 4 spell: Ice Form
  8369 | D:7      | Got a fabulously ornate robe
  8380 | D:7      | Identified the cursed +0 robe of Isivudgh {rElec Dex+3 SInv} (You found it on level 7 of the Dungeon)
  9090 | D:8      | Found an opulent altar of Gozag.
  9234 | D:8      | Reached skill level 11 in Spellcasting
  9401 | D:8      | Reached **** piety under Sif Muna
  9565 | D:8      | Noticed Psyche
  9576 | D:8      | Killed Psyche
  9634 | D:8      | Noticed an elephant
  9634 | D:8      | Found a staircase to the Lair.
  9655 | D:8      | Killed an elephant
  9690 | D:8      | Reached skill level 5 in Stealth
  9888 | Lair:1   | Entered Level 1 of the Lair of Beasts
  9896 | Lair:1   | Noticed a rime drake
  9904 | Lair:1   | Killed a rime drake
 10019 | Lair:1   | Reached skill level 12 in Spellcasting
 10089 | Lair:1   | Noticed a five-headed hydra
 10113 | Lair:1   | Killed a five-headed hydra
 10113 | Lair:1   | Reached skill level 10 in Ice Magic
 10113 | Lair:1   | Reached XP level 10. HP: 50/50 MP: 1/28
 10412 | Lair:1   | Noticed a black mamba
 10416 | Lair:1   | Killed a black mamba
 10416 | Lair:1   | Reached ***** piety under Sif Muna
 10416 | Lair:1   | Received a gift from Sif Muna
 11045 | Lair:1   | Noticed a spiny frog
 11314 | Lair:1   | Reached skill level 13 in Spellcasting
 11694 | Lair:1   | Killed a spiny frog
 11792 | Lair:2   | Noticed a seven-headed hydra
 11802 | Lair:2   | Killed a seven-headed hydra
 11971 | Lair:2   | Reached skill level 5 in Conjurations
 12149 | Lair:2   | Reached XP level 11. HP: 54/54 MP: 17/30
 12265 | Lair:2   | Identified Sif Muna's Reference Book on Dark Rituals and Confrontation (Sif Muna gifted it to you on level 2 of the Lair of Beasts)
 12265 | Lair:2   | Received a gift from Sif Muna
 12428 | Lair:2   | Learned a level 3 spell: Regeneration
 12498 | Lair:2   | Reached skill level 14 in Spellcasting
 12990 | Lair:2   | Noticed an eight-headed hydra
 12994 | Lair:2   | Killed an eight-headed hydra
 13602 | Lair:3   | Reached skill level 5 in Summonings
 13672 | Lair:3   | Found a hole to the Spider Nest.
 13672 | Lair:3   | Noticed an orb spider
 13864 | Lair:3   | Killed an orb spider
 13864 | Lair:3   | Reached skill level 15 in Spellcasting
 14076 | Lair:4   | Identified a scroll of acquirement
 14095 | Lair:4   | Found a labyrinth entrance.
 14106 | Lair:4   | Received a gift from Sif Muna
 14111 | Lab      | Entered a labyrinth
 14348 | Lab      | Noticed a minotaur
 14362 | Lab      | Killed a minotaur
 14422 | Lab      | Identified Bodugh's Almanac of the Mountains
 14455 | Lab      | Learned a level 5 spell: Bolt of Magma
 15103 | Lair:4   | Found a staircase to the Shoals.
 15240 | Lair:4   | Noticed a lindwurm
 15248 | Lair:4   | Killed a lindwurm
 15248 | Lair:4   | Reached XP level 12. HP: 52/59 MP: 9/33
 15731 | Lair:5   | Noticed a seven-headed hydra
 15801 | Lair:5   | Killed a seven-headed hydra
 15801 | Lair:5   | Reached skill level 16 in Spellcasting
 15937 | Lair:5   | Noticed Josephine
 15988 | Lair:5   | Noticed a seven-headed hydra
 15992 | Lair:5   | Killed a seven-headed hydra
 16127 | Lair:5   | Noticed a death yak
 16129 | Lair:5   | Noticed a death yak
 16129 | Lair:5   | Noticed a death yak
 16130 | Lair:5   | Identified Kejaadgh's Guide on Changing and the Escort (Sif Muna gifted it to you on level 5 of the Lair of Beasts)
 16130 | Lair:5   | Received a gift from Sif Muna
 16133 | Lair:5   | Noticed a death yak
 16761 | D:9      | Reached skill level 1 in Evocations
 16786 | D:9      | Noticed Grum
 16791 | D:9      | Killed Grum
 17281 | D:9      | Got a smoking leather armour
 17293 | D:9      | Identified the +0 leather armour of Life {rElec Int-2 Dex+2} (You found it on level 9 of the Dungeon)
 17598 | D:9      | Found a bloodstained altar of Trog.
 17638 | D:10     | Entered Level 10 of the Dungeon
 17788 | D:10     | Found a basalt altar of Yredelemnul.
 17866 | D:10     | Reached skill level 1 in Fire Magic
 18301 | Lair:5   | Noticed a seven-headed hydra
 18306 | Lair:5   | Noticed an eight-headed hydra
 18312 | Lair:5   | Killed a seven-headed hydra
 18317 | Lair:5   | Killed an eight-headed hydra
 18399 | Lair:5   | Noticed Rupert
 18418 | Lair:5   | Killed Rupert
 18418 | Lair:5   | Reached skill level 17 in Spellcasting
 18625 | Lair:5   | Killed Josephine
 18625 | Lair:5   | Received a gift from Sif Muna
 18625 | Lair:5   | Reached skill level 1 in Earth Magic
 18886 | Lair:5   | Killed a death yak
 19034 | Lair:5   | Killed a death yak
 19167 | Lair:5   | Killed a death yak
 19175 | Lair:5   | Reached XP level 13. HP: 42/63 MP: 6/36
 19507 | Lair:5   | Reached skill level 1 in Invocations
 20053 | Lair:6   | Entered Level 6 of the Lair of Beasts
 20723 | Lair:6   | Found a viscous altar of Jiyva.
 20724 | Lair:6   | Found a staircase to the Slime Pits.
 20755 | Lair:6   | Reached skill level 18 in Spellcasting
 20831 | Lair:6   | Identified Sif Muna's Tome of Creative Cold (Sif Muna gifted it to you on level 6 of the Lair of Beasts)
 20831 | Lair:6   | Received a gift from Sif Muna
 20842 | Lair:6   | Learned a level 6 spell: Freezing Cloud
 21183 | Lair:6   | Noticed Snorg
 21319 | Lair:6   | Killed Snorg
 21512 | Lair:6   | Noticed yrara's ghost (journeyman GrFi)
 22036 | D:10     | Reached skill level 15 in Ice Magic
 22362 | D:11     | Noticed Fannar
 22588 | D:11     | Learned a level 5 spell: Fireball
 22684 | D:11     | Found Canujo's Antique Weapon Shoppe.
 22899 | D:11     | Found Zaremaeg's Gadget Shoppe.
 23033 | D:11     | Noticed Maurice
 23039 | D:11     | Killed Maurice
 23131 | D:11     | Found Ynaaguck's Armour Boutique.
 23144 | D:11     | Bought a +1 buckler of poison resistance for 135 gold pieces
 23233 | D:11     | Killed Fannar
 23280 | D:11     | Noticed Urug
 23336 | D:12     | Found Gaer's Distillery.
 23612 | D:12     | Bought a potion of brilliance for 48 gold pieces
 23858 | D:12     | Identified Sif Muna's Compendium of Attacks (Sif Muna gifted it to you on level 12 of the Dungeon)
 23858 | D:12     | Received a gift from Sif Muna
 24168 | D:12     | Reached skill level 1 in Charms
 24610 | D:12     | Reached skill level 19 in Spellcasting
 24697 | D:12     | Found a staircase to the Orcish Mines.
 25212 | D:11     | Killed Urug
 25212 | D:11     | Reached XP level 14. HP: 68/68 MP: 15/39
 25315 | D:11     | Found Taadde Coum's Assorted Antiques.
 25334 | D:11     | Found Horuorej's Distillery.
 25931 | Orc:1    | Entered Level 1 of the Orcish Mines
 26197 | Orc:1    | Found a roughly hewn altar of Beogh.
 26356 | Orc:2    | Entered Level 2 of the Orcish Mines
 26863 | Orc:2    | Found a roughly hewn altar of Beogh.
 27078 | Orc:2    | HP: 2/68 [orc warrior/glaive (24)]
 27081 | Orc:1    | Identified Sif Muna's Disquisition on Illusion (Sif Muna gifted it to you on level 1 of the Orcish Mines)
 27081 | Orc:1    | Received a gift from Sif Muna
 27085 | Orc:1    | Learned a level 1 spell: Summon Butterflies
 27526 | Orc:2    | Noticed an orc warlord
 28409 | Temple   | Learned a level 5 spell: Irradiate
 30517 | D:13     | Found a flickering gateway to a bazaar.
 30517 | D:13     | Noticed TZer0's ghost (journeyman DrBe)
 30570 | Bazaar   | Entered a bazaar
 30584 | Bazaar   | Found Zaebaref's Weapon Emporium.
 30605 | Bazaar   | Found Cisoz's Antique Armour Emporium.
 30605 | Bazaar   | Found Kawn's Gadget Shoppe.
 30635 | Bazaar   | Found Ciner's General Store.
 30735 | Bazaar   | Bought a pair of runed boots for 231 gold pieces
 30735 | Bazaar   | Bought an embroidered hat for 220 gold pieces
 30769 | Bazaar   | Bought a glowing robe for 147 gold pieces
 30796 | Bazaar   | Bought a potion of haste for 140 gold pieces
 30796 | Bazaar   | Bought a scroll of fear for 49 gold pieces
 30841 | D:13     | Killed TZer0's ghost
 30841 | D:13     | Identified Sif Muna's Compendium of the Snowflakes and the Escort (Sif Muna gifted it to you on level 13 of the Dungeon)
 30841 | D:13     | Received a gift from Sif Muna
 30841 | D:13     | Reached skill level 20 in Spellcasting
 30856 | D:13     | Learned a level 6 spell: Bolt of Cold
 30983 | D:13     | Killed from afar by a meliai

Vault maps used:
D:1:      onia_arrival_larder
D:2:      kiku_gazebo_garden_becter, first_bread
D:3:      xom_redecorated, uniq_iyjb
D:4:      patterned_corridor
D:5:      uniq_edmund
D:6:      uniq_sigmund, uniq_pikel
D:7:      lemuel_crystal_altar, uniq_joseph
D:8:      grunt_gozag_breadcrumbs, david_lair_generic, grunt_pizzeria,
          uniq_psyche
D:9:      lemuel_round_altar, uniq_grum
D:10:     basic_altar, lemuel_another_geyser
D:11:     serial_shops, shop_coins, shop, shop, shop, shop, st_stairs_1,
          uniq_maurice, uniq_urug, uniq_fannar
D:12:     orc_0_dummy, serial_shops, shop, nicolae_looking_at_the_future
D:13:     serial_shops, bzr_entry_safe
Temple:   lightli_temple_of_artemis
Lair:1:   pond
Lair:2:   serial_bayou_pond_a, minmay_stone_trees_medium,
          nicolae_quartered_pool_medium, guppyfry_lair_drakes,
          infiniplex_staircase_pool
Lair:3:   nicolae_spider_entry_orb_guardian
Lair:4:   minmay_shoals_entry_beasts, lab_entry_generic
Lair:5:   grunt_megastairs_5, uniq_josephine, uniq_rupert
Lair:6:   cheibrodos_lair_end_hotspot, slime_altar_1, lemuel_fruit_fields,
          uniq_snorg
Orc:1:    basic_altar
Orc:2:    grunt_orc_community_town_hall, grunt_orc_community_big_house_2,
          grunt_orc_community_big_house_1, grunt_orc_community_house_1,
          grunt_orc_community_house_2, grunt_orc_community_house_2,
          grunt_orc_community_house_1, grunt_orc_community_house_3
Lab:      nicolae_lab_dead_adventurers, nicolae_lab_statue,
          nicolae_lab_big_swirl, nicolae_lab_flowing_pool
Bazaar:   bazaar_long_row

Skill      XL: |  1  2  3  4  5  6  7  8  9 10 11 12 13 14 |
---------------+-------------------------------------------+-----
Ice Magic      | 4 5 6 8 10 11 13 14 15 16 | 16.1
Spellcasting   | 4 5 6 7 8 10 12 13 15 17 19 20 | 20.0
Stealth        | 3 4 5 |  5.2
Conjurations   | 2 3 5 6 7 9 |  9.6
Summonings     | 1 2 3 4 5 6 |  6.0
Dodging        | 3 4 |  4.4
Evocations     | 1 2 |  2.9
Fire Magic     | 1 2 |  2.3
Earth Magic    | 1 2 |  2.1
Invocations    | 1 |  1.4
Charms         | 1 |  1.5
Short Blades   | |  0.2
Necromancy     | |  0.5
Air Magic      | |  0.6

Action                   |  1- 3 |  4- 6 |  7- 9 | 10-12 | 13-15 || total
-------------------------+-------+-------+-------+-------+-------++-------
Melee: Dagger            |     9 |     7 |     3 |     6 |       ||    25
       Hand axe          |       |    18 |    15 |       |    31 ||    64
       Spear             |       |       |    28 |    34 |       ||    62
       Unarmed           |       |       |     2 |     3 |       ||     5
 Cast: Freeze            |    29 |    25 |    10 |     4 |     5 ||    73
       Throw Frost       |    13 |    63 |    43 |     2 |    10 ||   131
       Summon Ice Beast  |       |     8 |    40 |    62 |    50 ||   160
       Throw Icicle      |       |     4 |    33 |   227 |   366 ||   630
       Ozocubu's Armour  |       |       |     2 |     1 |     1 ||     4
       Ice Form          |       |       |       |     2 |       ||     2
       Regeneration      |       |       |       |     2 |     9 ||    11
       Bolt of Magma     |       |       |       |    31 |    56 ||    87
       Freezing Cloud    |       |       |       |       |    24 ||    24
       Fireball          |       |       |       |       |     2 ||     2
       Summon Butterflie |       |       |       |       |     2 ||     2
       Irradiate         |       |       |       |       |     2 ||     2
Invok: Divine Energy     |       |       |     1 |       |       ||     1
       Channel Magic     |       |       |       |     3 |     7 ||    10
Evoke: Wand              |       |       |       |     8 |    76 ||    84
  Use: Scroll            |     3 |     2 |     1 |    24 |    13 ||    43
       Potion            |       |     1 |     2 |     5 |     7 ||    15
 Stab: Sleeping          |     4 |     7 |     7 |     3 |       ||    21
  Eat: Chunk             |     1 |     9 |    17 |    19 |    37 ||    83
       Meat ration       |       |     1 |       |     1 |       ||     2
       Beef jerky        |       |       |       |     2 |     1 ||     3
       Fruit             |       |       |       |     1 |     3 ||     4
Armor: Robe              |       |     7 |     9 |    12 |    30 ||    58
       Skin              |       |       |       |     1 |       ||     1
Dodge: Dodged            |    17 |    23 |    49 |    73 |   110 ||   272
